 Seeded DCSS version 0.28-a0-1159-g27aa881441 (webtiles) character file.

Game seed: 3047507878316767220 (custom seed)

386 croobank the Chopper (level 6, -4/53 HPs)
             Began as a Gnoll Cinder Acolyte on Dec 15, 2021.
             Was a High Priest of Ignis.
             Slain by an ogre (28 damage)
             ... on level 3 of the Dungeon.
             The game lasted 00:19:48 (4188 turns).

croobank the Chopper (Gnoll Cinder Acolyte)         Turns: 4188, Time: 00:19:48

Health: -4/53      AC:  6    Str: 15    XL:     6   Next: 78%
Magic:  2/11       EV: 12    Int: 13    God:    Ignis [*****.]
Gold:   127        SH:  0    Dex:  8    Spells: 7/12 levels left

rFire   + . .      SeeInvis .   a - -1 hand axe (flame)
rCold   + . .      Faith    .   (no shield)
rNeg    . . .      Spirit   .   e - +1 steam dragon scales
rPois   .          Reflect  .   (no helmet)
rElec   .          Harm     .   (no cloak)
rCorr   .          Rampage  .   (no gloves)
Will    .....                   (no boots)
Stlth   ++........              (no amulet)
HPRegen 0.17/turn               k - ring of protection from cold
MPRegen 0.12/turn               (no ring)

@: lethally poisoned (-4 -> -29)
A: fangs 1, strong nose, distributed training
a: Renounce Religion, Fiery Armour, Foxfire Swarm, Rising Flame


You were on level 3 of the Dungeon.
You worshipped Ignis.
Ignis was extremely pleased with you.
You visited 1 branch of the dungeon, and saw 4 of its levels.

You collected 127 gold pieces.

Inventory:

Hand Weapons
 a - a -1 hand axe of flaming (weapon)
 b - a +0 hunting sling
 s - a +2 whip of pain
 w - a +0 fustibalus
Missiles
 d - 4 boomerangs (quivered)
 j - 49 stones
 n - 50 sling bullets
 o - 26 poisoned darts
Armour
 e - +1 steam dragon scales (worn)
 m - the +0 helmet "Ufupn" {rPois rC- rCorr Str-2}
   (You took it off Robin on level 2 of the Dungeon)

   Str:       It affects your strength (-2).
   rC:        It makes you vulnerable to cold.
   rPois:     It protects you from poison.
   rCorr:     It protects you from acid and corrosion.
Jewellery
 k - a ring of protection from cold (left hand)
Scrolls
 c - a scroll of vulnerability {vulnerability, unknown}
 f - 3 scrolls of blinking {blink, unknown}
 h - a scroll of brand weapon {brand weapon, unknown}
 l - a scroll of acquirement {acquirement, unknown}
 q - a scroll of immolation
 r - 4 scrolls of identify {identify, unknown}
 t - a scroll of magic mapping {magic mapping, unknown}
 u - 3 scrolls of enchant weapon {enchant weapon, unknown}
Potions
 g - 2 potions of curing {curing}
 p - a potion of berserk rage {berzerk rage, unknown}
 v - a potion of degeneration {degeneration, unknown}


   Skills:
 + Level 6.9 Fighting
 + Level 2.1 Short Blades
 + Level 2.1 Long Blades
 + Level 6.9 Axes
 + Level 2.1 Maces & Flails
 + Level 2.1 Polearms
 + Level 2.1 Staves
 + Level 2.1 Slings
 + Level 2.1 Bows
 + Level 2.1 Crossbows
 + Level 2.1 Throwing
 + Level 2.1 Armour
 + Level 2.1 Dodging
 + Level 2.1 Stealth
 + Level 2.1 Shields
 + Level 2.1 Unarmed Combat
 + Level 3.5 Spellcasting
 + Level 1.6 Conjurations
 + Level 1.6 Hexes
 + Level 1.6 Summonings
 + Level 1.6 Necromancy
 + Level 1.6 Translocations
 + Level 1.6 Transmutations
 + Level 5.7 Fire Magic
 + Level 1.6 Ice Magic
 + Level 1.6 Air Magic
 + Level 1.6 Earth Magic
 + Level 1.6 Poison Magic
 + Level 2.3 Invocations
 + Level 2.1 Evocations


You had 7 spell levels left.
You knew the following spells:

 Your Spells              Type           Power      Damage    Failure   Level
a - Scorch                Fire           34%        2d6       3%          2
b - Beastly Appendage     Tmut           12%        N/A       11%         1
c - Wereblood             Tmut           6%         N/A       17%         2

Your spell library contained the following spells:

 Spells                   Type           Power      Damage    Failure   Level
 Spider Form              Tmut/Pois      6%         N/A       32%         3


Dungeon Overview and Level Annotations

Branches:
Dungeon (4/15)
 Temple: D:4-7

Altars:

Shops:
D:1 :   D:2 =


Innate Abilities, Weirdness & Mutations

You have very sharp teeth.
Your uncanny sense of smell can sniff out nearby items.
Your experience applies equally to all skills.


Message History

Okay, then.
Casting: Scorch (safe; 3% risk of failure)
Confirm with . or Enter, or press ? or * to list all spells.
Flames lash the orc wizard.
The orc wizard is heavily wounded.
The orc wizard's fire resistance burns away.
The orc hits you but does no damage. The orc hits you with a +0 dagger.
The ogre closely misses you.
Casting: Scorch (safe; 3% risk of failure)
Confirm with . or Enter, or press ? or * to list all spells.
Flames lash the orc.
You kill the orc!
The orc hits you but does no damage.
Casting: Scorch (safe; 3% risk of failure)
Confirm with . or Enter, or press ? or * to list all spells.
Flames lash the orc wizard.
The orc wizard is burned terribly!
You kill the orc wizard!
The orc is no longer more vulnerable to fire.
The ogre misses you. The orc misses you. The scorpion closely misses you.
Casting: Scorch (safe; 3% risk of failure)
Confirm with . or Enter, or press ? or * to list all spells.
Flames lash the scorpion.
The scorpion is moderately wounded.
The scorpion's fire resistance burns away.
The orc hits you but does no damage. The scorpion stings you.
You are poisoned.
The scorpion poisons you! The ogre misses you.
Casting: Scorch (safe; 3% risk of failure)
Confirm with . or Enter, or press ? or * to list all spells.
You don't have enough magic to cast this spell.
You hit the scorpion but do no damage.
The scorpion is moderately wounded.
You hit the ogre but do no damage. You hit the orc but do no damage.
You feel very sick. The scorpion stings you.
You are lethally poisoned!
The scorpion poisons you! The orc misses you.
The ogre hits you with a +0 giant club!!
Ouch! That really hurt!
You die...

#.##.##.#.# #....
#.##....#.# #.###
#.##.#..#.# #.###
#.....††#.######.##.
#.....)<.....>...##.
##)#.##).##########.
#)#..#.[# ##
#O##.#..# #######
#o@s....# #.....#
####...## #.....#
###.# #.....# #.#
#.....# #.####.....#
#.##.....###
#.##.#####
#.##.#########
#)##.........#


You could see an ogre, a scorpion (combustible) and an orc.

Vanquished Creatures
  A scorpion (D:3)
  An iguana (D:3)
  4 orc wizards
  Robin (D:2)
  3 gnolls (D:3)
  5 adders
  A white imp (D:3)
  3 dart slugs
  10 orcs (D:3)
  6 endoplasms
  3 giant cockroaches
  10 goblins
  15 hobgoblins
  A jackal (D:3)
  5 kobolds
  4 quokkas (D:1)
  7 ball pythons
  9 bats
  5 frilled lizards
  5 rats
99 creatures vanquished.

Notes
Turn   | Place    | Note
-------+----------+-------------------------------------------
     0 | D:1      | croobank the Gnoll Cinder Acolyte began the quest for the
                  | Orb.
     0 | D:1      | Reached XP level 1. HP: 23/23 MP: 4/4
   276 | D:1      | Reached XP level 2. HP: 29/29 MP: 5/5
   338 | D:1      | Learned a level 2 spell: Scorch
   450 | D:1      | Found Qehuiv's Book Shoppe.
   757 | D:1      | Reached XP level 3. HP: 34/35 MP: 7/7
   803 | D:1      | Learned a level 1 spell: Beastly Appendage
   806 | D:1      | Learned a level 2 spell: Wereblood
  1150 | D:2      | Reached skill level 1 in Invocations
  1314 | D:2      | Reached skill level 1 in Short Blades
  1314 | D:2      | Reached skill level 1 in Long Blades
  1314 | D:2      | Reached skill level 1 in Maces & Flails
  1314 | D:2      | Reached skill level 1 in Polearms
  1314 | D:2      | Reached skill level 1 in Staves
  1314 | D:2      | Reached skill level 1 in Slings
  1314 | D:2      | Reached skill level 1 in Bows
  1314 | D:2      | Reached skill level 1 in Crossbows
  1314 | D:2      | Reached skill level 1 in Throwing
  1314 | D:2      | Reached skill level 1 in Armour
  1314 | D:2      | Reached skill level 1 in Dodging
  1314 | D:2      | Reached skill level 1 in Stealth
  1314 | D:2      | Reached skill level 1 in Shields
  1314 | D:2      | Reached skill level 1 in Unarmed Combat
  1314 | D:2      | Reached skill level 1 in Evocations
  1511 | D:2      | Reached XP level 4. HP: 41/41 MP: 5/8
  1598 | D:2      | Found Ringib's Jewellery Shop.
  1648 | D:2      | Identified the +0 helmet "Ufupn" {rPois rC- rCorr Str-2}
  1648 | D:2      | Noticed Robin
  1664 | D:2      | Killed Robin
  2104 | D:2      | Found a faded altar of an unknown god.
  2288 | D:2      | Reached skill level 1 in Conjurations
  2288 | D:2      | Reached skill level 1 in Hexes
  2288 | D:2      | Reached skill level 1 in Summonings
  2288 | D:2      | Reached skill level 1 in Necromancy
  2288 | D:2      | Reached skill level 1 in Translocations
  2288 | D:2      | Reached skill level 1 in Transmutations
  2288 | D:2      | Reached skill level 1 in Ice Magic
  2288 | D:2      | Reached skill level 1 in Air Magic
  2288 | D:2      | Reached skill level 1 in Earth Magic
  2288 | D:2      | Reached skill level 1 in Poison Magic
  2342 | D:3      | Reached XP level 5. HP: 47/47 MP: 4/9
  3117 | D:3      | Reached XP level 6. HP: 53/53 MP: 5/10
  4188 | D:3      | Slain by an ogre

Illustrated notes

Levels and vault maps discovered:
D:1:      dpeg_arrival_rooms_with_view, layout_basic, serial_shops, shop
D:2:      layout_basic, serial_shops, shop, hellmonk_ecumenical_altar_blasted,
          amcnicky_mini_rare_corridor_liquid, solitary_fountain,
          minmay_misc_feat_four_crosses, uniq_robin
D:3:      minmay_razor_zed, layout_loops_cross
D:4:      layout_rooms, serial_shops, kennysheep_little_box

Skill      XL: |  1  2  3  4  5  6 |
---------------+-------------------+-----
Invocations    | 1 2 |  2.3
Short Blades   | 1 2 |  2.1
Long Blades    | 1 2 |  2.1
Maces & Flails | 1 2 |  2.1
Polearms       | 1 2 |  2.1
Staves         | 1 2 |  2.1
Slings         | 1 2 |  2.1
Bows           | 1 2 |  2.1
Crossbows      | 1 2 |  2.1
Throwing       | 1 2 |  2.1
Armour         | 1 2 |  2.1
Dodging        | 1 2 |  2.1
Stealth        | 1 2 |  2.1
Shields        | 1 2 |  2.1
Unarmed Combat | 1 2 |  2.1
Evocations     | 1 2 |  2.1
Spellcasting   | 3 |  3.5
Conjurations   | 1 |  1.6
Hexes          | 1 |  1.6
Summonings     | 1 |  1.6
Necromancy     | 1 |  1.6
Translocations | 1 |  1.6
Transmutations | 1 |  1.6
Ice Magic      | 1 |  1.6
Air Magic      | 1 |  1.6
Earth Magic    | 1 |  1.6
Poison Magic   | 1 |  1.6
Fighting       | |  6.9
Axes           | |  6.9
Fire Magic     | |  5.7

Action                   |  1- 3 |  4- 6 || total
-------------------------+-------+-------++-------
Melee: Hand axe          |    62 |    85 ||   147
       Bite              |     3 |     6 ||     9
       Kick              |       |     1 ||     1
 Fire: Hunting sling     |       |    10 ||    10
Throw: Boomerang         |       |     1 ||     1
 Cast: Scorch            |    23 |    59 ||    82
       Beastly Appendage |       |     1 ||     1
       Wereblood         |       |     1 ||     1
  Use: Scroll            |       |     1 ||     1
       Potion            |       |     1 ||     1
Armor: Robe              |    14 |    19 ||    33
       Steam dragon scal |       |     4 ||     4
Dodge: Dodged            |    36 |    65 ||   101

Table legend: (Time is in decaauts)
 A = Elapsed time spent in this place.
 B = Non-inter-level travel time spent in this place.
 C = Inter-level travel time spent in this place.
 D = Time resting spent in this place.
 E = Time spent auto-exploring this place.
 F = Levels seen in this place.
 G = Mean time per level.
                   A        B        C        D        E       F      G
               +--------+--------+--------+--------+--------+-----+--------+
         Total |   4185 |   4107 |     78 |   1009 |   2364 |   4 | 1046.2 |
       Dungeon |   4185 |   4107 |     78 |   1009 |   2364 |   4 | 1046.2 |
               +--------+--------+--------+--------+--------+-----+--------+

Top non-repeatable levels by time:
     D:3: 1819 daAuts
     D:2: 1220 daAuts
     D:1: 1112 daAuts
     D:4: 33 daAuts
